[Event "January 9 Late 2024"]
[Site "https://www.chess.com"]
[Date "2024.01.09"]
[Round "8"]
[White "Espinoza Palomino, Willyam"]
[Black "Melamed, Daniel"]
[Result "0-1"]
[Board "118"]
[TimeControl "180+1"]
[WhiteFideId "3804852"]
[BlackFideId "3229076"]
[WhiteElo "2517"]
[BlackElo "2337"]
[WhiteTeam "PER"]
[BlackTeam "AUS"]
[WhiteClock "0:00:14"]
[BlackClock "0:01:54"]

1. e4 c5 2. Nf3 e6 3. d4 cxd4 4. Nxd4 Nf6 5. Nc3 Nc6 6. Ndb5 d6 7. Bf4 e5 8. Bg5 a6 9. Na3 b5 10. Nd5 Be7 11. Bxf6 Bxf6 12. c3 Bg5 13. Nc2 g6 14. a4 bxa4 15. Rxa4 a5 16. b4 Bb7 17. b5 Ne7 18. Bc4 O-O 19. O-O Rc8 20. Qd3 Rc5 21. Nxe7+ Bxe7 22. Ne3 Qc7 23. Rfa1 Rc8 24. Bd5 Rxc3 25. Qd2 Rc1+ 26. Rxc1 Qxc1+ 27. Qxc1 Rxc1+ 28. Nf1 Bxd5 29. exd5 Bd8 30. g3 Bb6 31. Kg2 Rc2 0-1

[Event "January 9 Late 2024"]
[Site "https://www.chess.com"]
[Date "2024.01.09"]
[Round "8"]
[White "Martin Barcelo, Carles"]
[Black "Sarkar, Justin"]
[Result "1/2-1/2"]
[Board "119"]
[TimeControl "180+1"]
[WhiteFideId "24561444"]
[BlackFideId "2010011"]
[WhiteElo "2513"]
[BlackElo "2320"]
[WhiteTeam "ESP"]
[BlackTeam "USA"]
[WhiteClock "0:00:25"]
[BlackClock "0:00:05"]

1. e4 e5 2. Nc3 Nf6 3. d4 d5 4. dxe5 Nxe4 5. Qxd5 Nxc3 6. Qxd8+ Kxd8 7. bxc3 Nc6 8. f4 Bc5 9. Bd3 f6 10. exf6 gxf6 11. Ne2 Be6 12. Bd2 Ke7 13. a4 Rad8 14. Ng3 Kf7 15. Ne4 Be7 16. Kf2 Na5 17. Be3 b6 18. Rhd1 Nc4 19. Bxc4 Bxc4 20. Rxd8 Rxd8 21. a5 f5 22. Nd2 Bd5 23. axb6 axb6 24. Ra7 Bd6 25. Bxb6 Bxf4 26. Bxc7 Rd7 27. Bxf4 Rxa7 28. c4 Bc6 29. Nb3 Ra2 30. Nd4 Be4 31. c5 Bxc2 32. Kg3 Be4 33. Nf3 Rc2 34. Bd6 Rc3 35. Kf4 Bxf3 36. gxf3 Ke6 37. h4 h6 38. Bf8 Rc4+ 39. Kg3 h5 40. Bd6 f4+ 41. Bxf4 Rxc5 42. Bg5 Rc4 43. Kf2 Kf5 44. Kg3 Rc3 45. Bh6 Rc2 46. Bg5 Rb2 47. Bh6 Ra2 48. Bg5 Ra3 49. Bh6 Ra2 50. Bg5 Ra3 51. Bh6 Ra2 1/2-1/2

[Event "January 9 Late 2024"]
[Site "https://www.chess.com"]
[Date "2024.01.09"]
[Round "8"]
[White "Urbina Perez, Juan Antonio"]
[Black "Diaz, Fernando"]
[Result "1-0"]
[Board "120"]
[TimeControl "180+1"]
[WhiteFideId "2217368"]
[BlackFideId "3701255"]
[WhiteElo "2511"]
[BlackElo "2317"]
[WhiteTeam "ESP"]
[BlackTeam "PAR"]
[WhiteClock "0:01:09"]
[BlackClock "0:00:11"]

1. d4 e5 2. dxe5 d6 3. exd6 Bxd6 4. Nf3 Nc6 5. Nc3 Bg4 6. h3 Bh5 7. Bg5 f6 8. Be3 Qe7 9. Qd5 O-O-O 10. Qxh5 g5 11. O-O-O Ne5 12. Nxe5 Bxe5 13. Qg4+ Kb8 14. Qa4 a6 15. Qc4 Nh6 16. g4 Rxd1+ 17. Nxd1 Nf7 18. Bg2 Rd8 19. Qc5 b6 20. Qc6 Bxb2+ 21. Nxb2 1-0

[Event "January 9 Late 2024"]
[Site "https://www.chess.com"]
[Date "2024.01.09"]
[Round "8"]
[White "Martins, Bruno Andre Leite"]
[Black "Kujawski, Adam"]
[Result "1-0"]
[Board "121"]
[TimeControl "180+1"]
[WhiteFideId "1942255"]
[BlackFideId "1100920"]
[WhiteElo "2508"]
[BlackElo "2298"]
[WhiteTeam "POR"]
[BlackTeam "POL"]
[WhiteClock "0:00:55"]
[BlackClock "0:00:00"]

1. d4 d5 2. c4 e6 3. Nc3 Nf6 4. cxd5 exd5 5. Nf3 c6 6. Bg5 Be7 7. Qc2 Na6 8. e3 Nc7 9. Bd3 Ne6 10. Bh4 g6 11. Ne5 Ng7 12. f3 Nd7 13. Bg3 O-O 14. O-O Nxe5 15. Bxe5 Bd6 16. Bxd6 Qxd6 17. Qf2 f5 18. Qg3 Qxg3 19. hxg3 Bd7 20. Kf2 Rfe8 21. b4 a5 22. a3 b5 23. Rfb1 Ra7 24. a4 axb4 25. Rxb4 Rea8 26. Bc2 Ne8 27. Rab1 c5 28. dxc5 bxa4 29. Nxd5 a3 30. Nb6 a2 31. Ra1 Rc8 32. Nxc8 Bxc8 33. Bb3+ Kf8 34. Rxa2 Rc7 35. Rc2 Bd7 36. Ba4 Bxa4 37. Rxa4 Nf6 38. Rd4 Ke7 39. c6 Ke6 40. Rc5 Ne8 41. g4 fxg4 42. f4 Nd6 43. Re5+ 1-0

[Event "January 9 Late 2024"]
[Site "https://www.chess.com"]
[Date "2024.01.09"]
[Round "8"]
[White "Santos Flores, Alberto"]
[Black "Ferriz Barrios, Andres"]
[Result "1-0"]
[Board "122"]
[TimeControl "180+1"]
[WhiteFideId "3601234"]
[BlackFideId "5104467"]
[WhiteElo "2505"]
[BlackElo "2260"]
[WhiteTeam "ECU"]
[BlackTeam "MEX"]
[WhiteClock "0:01:48"]
[BlackClock "0:02:06"]

1. e4 e6 2. d4 d5 3. Nc3 dxe4 4. Nxe4 Nd7 5. g3 Ngf6 6. Nxf6+ Nxf6 7. Bg2 c6 8. Nf3 Bd6 9. O-O O-O 10. c4 Re8 11. b3 b6 12. Ne5 Bb7 13. Nxc6 Qc7 14. Ne5 Bxg2 15. Kxg2 Bxe5 16. dxe5 Qxe5 17. Bf4 Qe4+ 18. Qf3 Qf5 19. Rad1 g5 20. Be3 g4 21. Qxf5 exf5 22. Rd6 Ne4 23. Rd5 Kg7 24. Rxf5 Kg6 25. Rd5 f5 26. Rd7 Re6 27. Rfd1 h5 28. h4 a5 29. Rb7 Ra6 30. Rdd7 Nd6 31. Rg7+ Kf6 32. Bd4+ 1-0

[Event "January 9 Late 2024"]
[Site "https://www.chess.com"]
[Date "2024.01.09"]
[Round "8"]
[White "Soderstrom, Adrian"]
[Black "Jose Iraeta, Alejandro"]
[Result "0-1"]
[Board "123"]
[TimeControl "180+1"]
[WhiteFideId "1745786"]
[BlackFideId "2226537"]
[WhiteElo "2503"]
[BlackElo "2254"]
[WhiteTeam "SWE"]
[BlackTeam "ESP"]
[WhiteClock "0:02:00"]
[BlackClock "0:01:06"]

1. e4 e5 2. Nf3 d5 3. exd5 e4 4. Qe2 Nf6 5. d3 Qxd5 6. Nbd2 Nc6 7. Nxe4 Be6 8. Nxf6+ gxf6 9. Qe4 O-O-O 10. Qxd5 Bxd5 11. Be2 Rg8 12. O-O Nd4 13. Nxd4 Rxg2+ 14. Kh1 Rxf2+ 15. Kg1 Rg2+ 16. Kh1 Rxe2+ 17. Nf3 Bc5 18. c4 Bc6 19. b4 Bd4 20. Rb1 Rg8 21. Bf4 Rf2 22. Rxf2 Bxf2 23. h3 Bxf3+ 24. Kh2 Rg2+ 25. Kh1 Rg1+ 26. Kh2 Rxb1 0-1

[Event "January 9 Late 2024"]
[Site "https://www.chess.com"]
[Date "2024.01.09"]
[Round "8"]
[White "Pourkashiyan, Atousa"]
[Black "Svicevic, Rastko"]
[Result "1-0"]
[Board "124"]
[TimeControl "180+1"]
[WhiteFideId "12502014"]
[BlackFideId "916315"]
[WhiteElo "2493"]
[BlackElo "2250"]
[WhiteTeam "USA"]
[BlackTeam "SRB"]
[WhiteClock "0:00:57"]
[BlackClock "0:00:13"]

1. d4 d5 2. c4 e6 3. Nc3 f5 4. g3 c6 5. Bg2 Nf6 6. Nf3 Bd6 7. O-O O-O 8. b3 Ne4 9. Qc2 Nd7 10. Bf4 Be7 11. h4 Kh8 12. Ne5 Nxe5 13. Bxe5 Bf6 14. Bxf6 Qxf6 15. Rad1 Bd7 16. Na4 b6 17. cxd5 cxd5 18. Qc7 Bxa4 19. bxa4 Rfc8 20. Qd7 Nc3 21. Rd2 Ne4 22. Bxe4 fxe4 23. f3 e3 24. Rd3 Rd8 25. Qc7 Rdc8 26. Qd6 Rd8 27. Qb4 Rac8 28. Rxe3 Rc4 29. Qb2 Rxd4 30. Rxe6 Qxe6 31. Qxd4 Qxe2 32. Rf2 Qc4 33. Rd2 Qxd4+ 34. Rxd4 Kg8 35. Kf2 Kf7 36. Ke3 Ke6 37. Rg4 Rd7 38. Kd4 Rc7 39. Kd3 g6 40. h5 gxh5 41. Rh4 Rc1 42. Rxh5 Ra1 43. Rh6+ Ke5 44. f4+ Kf5 45. Rh5+ Kg4 46. Rg5+ Kf3 47. f5 Rd1+ 48. Kc2 Ke2 49. f6 Rf1 50. Re5+ Kf3 51. Rf5+ Ke2 52. Rxf1 Kxf1 53. f7 1-0

[Event "January 9 Late 2024"]
[Site "https://www.chess.com"]
[Date "2024.01.09"]
[Round "8"]
[White "Ferrufino, Boris"]
[Black "Mizzi, Jack"]
[Result "0-1"]
[Board "125"]
[TimeControl "180+1"]
[WhiteFideId "3300170"]
[BlackFideId "5602521"]
[WhiteElo "2214"]
[BlackElo "2490"]
[WhiteTeam "BOL"]
[BlackTeam "MLT"]
[WhiteClock "0:01:36"]
[BlackClock "0:02:04"]

1. e4 c6 2. d4 d5 3. Nc3 dxe4 4. Nxe4 Bf5 5. Ng3 Bg6 6. h4 h6 7. Nf3 Nd7 8. h5 Bh7 9. Bd3 Bxd3 10. Qxd3 Ngf6 11. Bd2 e6 12. O-O-O Be7 13. c4 b5 14. cxb5 cxb5 15. Qxb5 Rb8 16. Qa4 Qb6 17. Bc3 O-O 18. Qa5 Qb7 19. Ne5 Nxe5 20. dxe5 Nd5 21. Kb1 Rfc8 22. Bd4 Rc4 23. b3 Rc6 24. Ne4 Ra6 25. Qd2 Nb4 26. Nc5 Bxc5 27. Bxc5 Qe4+ 0-1

[Event "January 9 Late 2024"]
[Site "https://www.chess.com"]
[Date "2024.01.09"]
[Round "8"]
[White "Glashausser, Sho"]
[Black "Murtazin, Bulat"]
[Result "0-1"]
[Board "126"]
[TimeControl "180+1"]
[WhiteFideId "30908329"]
[BlackFideId "24151351"]
[WhiteElo "2200"]
[BlackElo "2483"]
[WhiteTeam "USA"]
[BlackTeam "RUS"]
[WhiteClock "0:00:03"]
[BlackClock "0:01:19"]

1. Nf3 Nf6 2. g3 g6 3. Bg2 Bg7 4. O-O O-O 5. d4 d6 6. c4 Nc6 7. Nc3 Bf5 8. d5 Na5 9. Nd2 c5 10. e4 Bg4 11. Qc2 a6 12. b3 b5 13. Bb2 bxc4 14. bxc4 Rb8 15. Rab1 Qd7 16. f3 Bh3 17. Bxh3 Qxh3 18. Qa4 Bh6 19. f4 Ng4 20. Nf3 Ne3 21. Rf2 Naxc4 22. Bc1 Bg7 23. Rxb8 Rxb8 24. Ne2 Qc8 25. h4 Rb4 26. Qc6 Qxc6 27. dxc6 Rb6 28. c7 Rc6 29. Nc3 Rxc7 30. Nd5 Nxd5 31. exd5 Rb7 32. Kg2 Rb1 33. Rc2 Nb6 34. Bd2 Nxd5 0-1

[Event "January 9 Late 2024"]
[Site "https://www.chess.com"]
[Date "2024.01.09"]
[Round "8"]
[White "Tqebuchava, Zurab"]
[Black "Reprintsev, Alexander"]
[Result "0-1"]
[Board "127"]
[TimeControl "180+1"]
[WhiteFideId "13601113"]
[BlackFideId "14100541"]
[WhiteElo "2192"]
[BlackElo "2477"]
[WhiteTeam "GEO"]
[BlackTeam "UKR"]
[WhiteClock "0:00:00"]
[BlackClock "0:02:00"]

1. e4 d5 2. exd5 Qxd5 3. Nc3 Qa5 4. g3 Nf6 5. Bg2 Nc6 6. h3 e5 7. Nge2 Bf5 8. d3 O-O-O 9. Bxc6 bxc6 10. Be3 e4 11. d4 c5 12. O-O Bxh3 13. Re1 h5 14. Qd2 h4 15. Nxe4 Qxd2 16. Nxd2 hxg3 17. fxg3 Ng4 18. Nf4 cxd4 19. Bf2 Nxf2 20. Kxf2 Bf5 21. Nb3 Rh2+ 22. Kf3 g5 23. Ng2 g4+ 24. Kf2 Bxc2 25. Rac1 d3 26. Nd2 Bc5+ 0-1

[Event "January 9 Late 2024"]
[Site "https://www.chess.com"]
[Date "2024.01.09"]
[Round "8"]
[White "Ghosh, Chanchal Kumer"]
[Black "Nikologorsky, Matfei"]
[Result "0-1"]
[Board "128"]
[TimeControl "180+1"]
[WhiteFideId "10201858"]
[BlackFideId "24102474"]
[WhiteElo "2135"]
[BlackElo "2456"]
[WhiteTeam "BAN"]
[BlackTeam "FID"]
[WhiteClock "0:00:12"]
[BlackClock "0:00:58"]

1. e4 c5 2. Nf3 e6 3. d4 cxd4 4. Nxd4 a6 5. Nc3 Qc7 6. Bd3 Nc6 7. Nde2 Nf6 8. O-O Bc5 9. Kh1 b5 10. f4 b4 11. Na4 Be7 12. e5 Nd5 13. Be4 Qa5 14. b3 d6 15. Nd4 Bd7 16. Bb2 Nxd4 17. Qxd4 dxe5 18. fxe5 Bxa4 19. Bxd5 Rd8 20. Qf4 O-O 21. Be4 Bb5 22. Rf3 Qc7 23. Rh3 f5 24. Qf3 fxe4 25. Qxe4 Rf5 26. g4 Bc6 27. gxf5 Bxe4+ 0-1

[Event "January 9 Late 2024"]
[Site "https://www.chess.com"]
[Date "2024.01.09"]
[Round "8"]
[White "Lund, Gunnar"]
[Black "Ottosen, David"]
[Result "1-0"]
[Board "129"]
[TimeControl "180+1"]
[WhiteFideId "1520814"]
[BlackFideId "2603080"]
[WhiteElo "2637"]
[BlackElo "2166"]
[WhiteTeam "NOR"]
[BlackTeam "CAN"]
[WhiteClock "0:00:26"]
[BlackClock "0:00:05"]

1. d4 d5 2. c4 c6 3. Nf3 e6 4. Nc3 dxc4 5. a4 Bb4 6. e4 b5 7. Be2 Bb7 8. O-O a6 9. Bg5 Be7 10. Bxe7 Qxe7 11. e5 f5 12. axb5 cxb5 13. b3 b4 14. Na4 c3 15. Nc5 Bd5 16. Nxa6 Nxa6 17. Rxa6 Rxa6 18. Bxa6 Nh6 19. Bb5+ Kf7 20. Ne1 Rb8 21. Be2 Kg8 22. Nd3 g5 23. Bf3 Bxf3 24. Qxf3 Nf7 25. Qe3 Qb7 26. h4 f4 27. Qh3 Qd5 28. hxg5 Nxg5 29. Qg4 h6 30. Nxf4 Rf8 31. Nh5 Kh8 32. f4 Qxd4+ 33. Kh2 Rf5 34. Ng3 Rxe5 35. Qh5 Nf3+ 36. Qxf3 Re3 37. Qh5 Qg7 38. Qe8+ Kh7 39. Nh5 Qc7 40. Rd1 c2 41. Rd7+ Qxd7 42. Qxd7+ Kg6 43. g4 Re2+ 44. Kg3 Re3+ 45. Kh4 1-0

[Event "January 9 Late 2024"]
[Site "https://www.chess.com"]
[Date "2024.01.10"]
[Round "8"]
[White "Jazdanovs, Aleksandrs"]
[Black "Ibadov, Dashgyn"]
[Result "0-1"]
[Board "130"]
[TimeControl "180+1"]
[WhiteFideId "11604492"]
[BlackFideId "24107514"]
[WhiteElo "2330"]
[BlackElo "2610"]
[WhiteTeam "LAT"]
[BlackTeam "FID"]
[WhiteClock "0:00:23"]
[BlackClock "0:00:03"]

1. h4 e5 2. e4 Nc6 3. Nc3 Nf6 4. h5 h6 5. Bb5 Bc5 6. d3 d6 7. Qe2 Bg4 8. f3 Bxh5 9. g4 Bg6 10. g5 Nd7 11. gxh6 gxh6 12. Bxc6 bxc6 13. Be3 Qf6 14. O-O-O O-O-O 15. Nh3 Kb7 16. Nf2 h5 17. Rdg1 Bxe3+ 18. Qxe3 Nc5 19. Nh3 Ne6 20. Ne2 d5 21. Ng5 Ka8 22. Rh4 Nxg5 23. Rxg5 d4 24. Qg1 Qxf3 25. Qg2 Qf6 26. Rh1 h4 27. Rf1 Qe6 28. b3 h3 29. Qh2 Rh4 30. Ng3 Rf4 31. Rxf4 exf4 32. Nf5 Qf6 33. Rg4 Bxf5 34. Rxf4 Qg5 35. exf5 Qg2 36. Rf2 Qxh2 37. Rxh2 Rh8 38. Kd2 Kb7 39. Ke2 c5 40. Kf3 Kc6 41. Kg4 Kd5 42. a3 a5 43. Rxh3 Rxh3 44. Kxh3 Ke5 45. Kg4 f6 46. Kg3 Kxf5 47. Kf3 Kg5 48. Ke4 f5+ 49. Kd5 f4 50. Kxc5 f3 0-1

[Event "January 9 Late 2024"]
[Site "https://www.chess.com"]
[Date "2024.01.10"]
[Round "8"]
[White "Kostiukov, Alexandr"]
[Black "Nouali, Mohamed"]
[Result "0-1"]
[Board "131"]
[TimeControl "180+1"]
[WhiteFideId "14108100"]
[BlackFideId "5502462"]
[WhiteElo "2300"]
[BlackElo "2531"]
[WhiteTeam "UKR"]
[BlackTeam "TUN"]
[WhiteClock "0:01:08"]
[BlackClock "0:01:22"]

1. g3 h5 2. h4 d5 3. Bg2 Nf6 4. d3 Nc6 5. e4 dxe4 6. dxe4 Qxd1+ 7. Kxd1 e5 8. f3 Bc5 9. Nd2 Be6 10. Bh3 Bxg1 11. Bxe6 Bf2 12. Bb3 Bxg3 13. Rg1 Bxh4 14. Rxg7 Nd8 15. Nc4 Kf8 16. Rg2 Nc6 17. Be3 Rd8+ 18. Kc1 Rg8 19. Bc5+ Ke8 20. Rh2 Bg5+ 21. Nd2 Bf4 22. Re2 Nd4 23. Bxd4 Rxd4 24. c3 Rg1+ 25. Bd1 Rxd2 26. Rxd2 Rg2 27. Be2 Rxe2 0-1

[Event "January 9 Late 2024"]
[Site "https://www.chess.com"]
[Date "2024.01.09"]
[Round "8"]
[White "Jaiveer Mahendru"]
[Black "Silvestre, Christian"]
[Result "0-1"]
[Board "132"]
[TimeControl "180+1"]
[WhiteFideId "25611151"]
[BlackFideId "30956269"]
[WhiteElo "2493"]
[BlackElo "2300"]
[WhiteTeam "IND"]
[BlackTeam "USA"]
[WhiteClock "0:01:03"]
[BlackClock "0:00:52"]

1. f4 g6 2. Nf3 Bg7 3. g3 Nf6 4. Bg2 O-O 5. O-O d6 6. d3 c5 7. Qe1 Nc6 8. e4 Ng4 9. h3 Nh6 10. g4 f6 11. f5 Nf7 12. h4 e6 13. fxg6 hxg6 14. h5 gxh5 15. gxh5 Bh6 16. Qg3+ Ng5 17. Nh4 Ne5 18. c3 Kh7 19. d4 cxd4 20. cxd4 Qb6 21. Be3 Nc4 22. Ng6 Rf7 23. Nd2 Nh3+ 24. Bxh3 Bxe3+ 25. Kh1 Bxd2 26. Nf8+ Rxf8 27. Qg6+ Kh8 28. Rxf6 Rg8 29. Qf7 Qxd4 30. Raf1 Qxe4+ 31. Kh2 Ne5 32. Qe7 Bd7 33. R6f2 Bg5 0-1

[Event "January 9 Late 2024"]
[Site "https://www.chess.com"]
[Date "2024.01.09"]
[Round "8"]
[White "Romero Ruscalleda, Josep"]
[Black "Salman, Ilhan Serhat"]
[Result "0-1"]
[Board "133"]
[TimeControl "180+1"]
[WhiteFideId "2231859"]
[BlackFideId "6361579"]
[WhiteElo "2266"]
[BlackElo "2483"]
[WhiteTeam "ESP"]
[BlackTeam "TUR"]
[WhiteClock "0:01:21"]
[BlackClock "0:02:01"]

1. e4 d5 2. exd5 Qxd5 3. Nf3 Nf6 4. Nc3 Qa5 5. Bc4 Bg4 6. O-O Nc6 7. h3 Bh5 8. Re1 O-O-O 9. Qe2 Nd4 10. Qe3 Nxc2 11. Qf4 Nxa1 12. Ne5 e6 13. g4 Bg6 14. g5 Nh5 15. Qf3 Nc2 16. Nxf7 Nxe1 17. Bxe6+ Kb8 18. Qg4 Bxf7 19. Bxf7 g6 20. d4 Nd3 21. Be3 Bb4 22. Ne4 Qf5 0-1

[Event "January 9 Late 2024"]
[Site "https://www.chess.com"]
[Date "2024.01.09"]
[Round "8"]
[White "Uz, Kagan"]
[Black "Harish, Neeraj"]
[Result "0-1"]
[Board "134"]
[TimeControl "180+1"]
[WhiteFideId "30986680"]
[BlackFideId "30958130"]
[WhiteElo "2479"]
[BlackElo "2259"]
[WhiteTeam "USA"]
[BlackTeam "USA"]
[WhiteClock "0:00:01"]
[BlackClock "0:00:06"]

1. e4 c5 2. Nf3 Nc6 3. b4 cxb4 4. a3 g6 5. Bb2 Nf6 6. e5 Ng8 7. e6 f6 8. axb4 dxe6 9. b5 Nb8 10. Bc4 Bg7 11. O-O Qc7 12. d3 Nh6 13. Re1 e5 14. Nbd2 Bf5 15. Qe2 Nd7 16. d4 Nb6 17. Bb3 O-O-O 18. Rxa7 exd4 19. Nxd4 e5 20. Rea1 exd4 21. Be6+ Kb8 22. Nc4 Rhe8 23. Nxb6 Qxb6 24. Ra8+ Kc7 25. Qc4+ Kd6 26. Ba3+ Ke5 27. f4+ Kxf4 28. Qf1+ Kg5 29. Bc1+ Kh5 30. Bxf5 gxf5 31. R8a3 d3+ 32. Kh1 Qe6 33. Bxh6 Kxh6 34. Rxd3 Rxd3 35. cxd3 Qe2 36. Qg1 Qe3 37. Qf1 Bf8 38. h4 Bd6 39. Qxf5 Qe5 40. Qxe5 Bxe5 41. Ra7 Rd8 42. Rxb7 Rxd3 43. Kg1 Rd1+ 44. Kf2 Rb1 45. b6 Rb2+ 46. Kf3 Rb3+ 47. Ke4 Rb4+ 48. Kf5 Rxh4 49. Rd7 Rf4+ 50. Ke6 Rb4 51. b7 Kg5 52. Rxh7 Kf4 53. Rh4+ Kg3 54. Rh7 Kxg2 55. Kf5 Rb5 56. Ke6 Rb6+ 57. Kf5 Bc3 58. Rd7 Be5 59. Kg6 Kg3 60. Kf5 Kf3 61. Kg6 Kf4 62. Kf7 f5 63. Ke7 Kg4 64. Kd8 f4 65. Kc8 Kf3 66. Re7 Bd6 67. Re6 Kg3 68. Rxd6 Rxb7 69. Kxb7 f3 70. Rg6+ Kh2 71. Kc6 f2 72. Rf6 Kg2 73. Kd5 f1=Q 74. Rg6+ Kh2 75. Rh6+ Kg2 76. Rg6+ Kh2 77. Rh6+ Kg3 78. Re6 Qf3+ 79. Re4 Kf2 80. Ke5 Qg2 81. Rf4+ Ke2 82. Re4+ Kd3 83. Rd4+ Kc3 84. Rd5 Qf3 85. Rc5+ Kd3 86. Rd5+ Ke3 87. Kd6 Qf4+ 88. Re5+ Kd4 0-1

[Event "January 9 Late 2024"]
[Site "https://www.chess.com"]
[Date "2024.01.09"]
[Round "8"]
[White "Sami, Sama"]
[Black "Shohat, Yotam"]
[Result "0-1"]
[Board "135"]
[TimeControl "180+1"]
[WhiteFideId "4802926"]
[BlackFideId "2813955"]
[WhiteElo "2258"]
[BlackElo "2468"]
[WhiteTeam "IRQ"]
[BlackTeam "ISR"]
[WhiteClock "0:00:53"]
[BlackClock "0:01:46"]

1. e4 e5 2. Nf3 Nc6 3. Bb5 a6 4. Ba4 Nf6 5. O-O Nxe4 6. d4 b5 7. Bb3 d5 8. dxe5 Be6 9. c3 Bc5 10. Nbd2 O-O 11. Bc2 Nxf2 12. Rxf2 Bxf2+ 13. Kxf2 f6 14. exf6 Qxf6 15. Kg1 Ne5 16. Nxe5 Qxe5 17. Nf3 Qf6 18. Qd3 g6 19. Bg5 Qg7 20. Qd4 Rae8 21. Qxg7+ Kxg7 22. Re1 Bg4 23. Rxe8 Rxe8 24. Kf2 h6 25. Be3 Rc8 26. b4 Ra8 27. Ne5 Bf5 28. Bxf5 gxf5 29. Nc6 Kf6 30. Bd4+ Ke6 31. g3 Kd6 32. Ne5 a5 33. a3 axb4 34. axb4 Ra2+ 35. Kf3 Rxh2 36. g4 fxg4+ 37. Kxg4 h5+ 38. Kg3 Re2 39. Kh4 Rxe5 0-1

[Event "January 9 Late 2024"]
[Site "https://www.chess.com"]
[Date "2024.01.09"]
[Round "8"]
[White "Abdi, Farzad"]
[Black "D`Arruda, Ricardo D."]
[Result "1-0"]
[Board "136"]
[TimeControl "180+1"]
[WhiteFideId "2076829"]
[BlackFideId "100692"]
[WhiteElo "2224"]
[BlackElo "2460"]
[WhiteTeam "USA"]
[BlackTeam "ARG"]
[WhiteClock "0:00:04"]
[BlackClock "0:00:05"]

1. d4 Nf6 2. c4 e5 3. e3 exd4 4. exd4 d5 5. Nf3 Bb4+ 6. Bd2 Qe7+ 7. Be2 O-O 8. O-O dxc4 9. Bxc4 Bg4 10. a3 Bxd2 11. Nbxd2 Nc6 12. Re1 Qd6 13. h3 Bh5 14. g4 Bg6 15. Nb3 Rad8 16. Bb5 Be4 17. Ng5 Nxd4 18. Nxe4 Nxe4 19. Rxe4 Nxb5 20. Qe2 c6 21. Re1 h6 22. a4 Nc7 23. Na5 Rb8 24. Nc4 Qc5 25. Re5 Nd5 26. Ne3 Rbd8 27. Nf5 Qb4 28. Re4 Qc5 29. Qf3 Rd7 30. h4 Kh7 31. g5 Nc7 32. Nxg7 Kxg7 33. Qf6+ Kh7 34. Qxh6+ Kg8 35. h5 Qf5 36. R1e3 Nd5 37. Re5 Qg4+ 38. Rg3 Qd1+ 39. Kh2 Nf4 40. g6 f6 41. g7 Rfd8 42. Qh8+ Kf7 43. g8=Q+ Rxg8 44. Qxg8# 1-0

[Event "January 9 Late 2024"]
[Site "https://www.chess.com"]
[Date "2024.01.09"]
[Round "8"]
[White "Varela La Madrid, Maria"]
[Black "Czerw, Dawid"]
[Result "0-1"]
[Board "137"]
[TimeControl "180+1"]
[WhiteFideId "3903346"]
[BlackFideId "1145746"]
[WhiteElo "2198"]
[BlackElo "2457"]
[WhiteTeam "VEN"]
[BlackTeam "POL"]
[WhiteClock "0:00:02"]
[BlackClock "0:01:22"]

1. d4 d5 2. c4 c6 3. Nf3 Nf6 4. cxd5 cxd5 5. Nc3 Nc6 6. Bf4 a6 7. Rc1 Bg4 8. Ne5 Bd7 9. Nxd7 Qxd7 10. e3 e6 11. Be2 Bd6 12. Bxd6 Qxd6 13. O-O O-O 14. a3 b5 15. a4 b4 16. Nb1 Rfc8 17. Bd3 Na5 18. Qe2 Rxc1 19. Rxc1 Nb3 20. Rc2 a5 21. Bb5 Qf8 22. Qd3 Na1 23. Rc6 Rc8 24. Nd2 Rxc6 25. Bxc6 b3 26. Qb5 Qc8 27. Nxb3 Nxb3 28. Qxb3 Qxc6 0-1

[Event "January 9 Late 2024"]
[Site "https://www.chess.com"]
[Date "2024.01.09"]
[Round "8"]
[White "Jarocka, Liwia"]
[Black "Petersson, Kjell"]
[Result "1-0"]
[Board "138"]
[TimeControl "180+1"]
[WhiteFideId "21807558"]
[BlackFideId "1705148"]
[WhiteElo "2414"]
[BlackElo "2156"]
[WhiteTeam "POL"]
[BlackTeam "SWE"]
[WhiteClock "0:00:55"]
[BlackClock "0:00:00"]

1. e4 c5 2. d3 g6 3. g3 Bg7 4. Bg2 Nc6 5. Ne2 d6 6. O-O e6 7. Nbc3 Nge7 8. Be3 Rb8 9. d4 cxd4 10. Nxd4 O-O 11. Ndb5 Qa5 12. Qxd6 a6 13. Na7 Rd8 14. Nxc6 Nxc6 15. Qf4 Bxc3 16. bxc3 Qxc3 17. Rad1 Rf8 18. Rd6 Ra8 19. e5 Qxe5 20. Bxc6 Qxf4 21. Bxf4 bxc6 22. Rxc6 Bb7 23. Rc7 Bd5 24. a3 Rfc8 25. Rb1 Rxc7 26. Bxc7 Rc8 27. Rb8 Rxb8 28. Bxb8 Kf8 29. f4 Ke7 30. Kf2 Kd7 31. Ke3 Kc6 32. Kd4 f6 33. c4 Bf3 34. Ba7 h5 35. h4 Be2 36. Bb8 Bf1 37. Kc3 Kc5 38. Ba7+ Kc6 39. Bd4 f5 40. Be3 Kd6 41. Kd4 Be2 42. Bd2 Bf1 43. Bb4+ Kd7 44. Bf8 Ke8 45. Bb4 Kd7 46. c5 Bb5 47. Ke5 Kc7 48. Kf6 Be8 49. Kxe6 Kc6 50. Ke7 Bd7 51. Kf7 a5 52. Bxa5 Kxc5 53. Bb4+ Kd5 54. Kxg6 1-0

[Event "January 9 Late 2024"]
[Site "https://www.chess.com"]
[Date "2024.01.10"]
[Round "8"]
[White "Marchesich, Giovanni"]
[Black "Mena, Martin"]
[Result "1-0"]
[Board "139"]
[TimeControl "180+1"]
[WhiteFideId "2824790"]
[BlackFideId "10651225"]
[WhiteElo "2400"]
[BlackElo "2103"]
[WhiteTeam "ITA"]
[BlackTeam "EGY"]
[WhiteClock "0:01:26"]
[BlackClock "0:00:00"]

1. f3 d5 2. g3 Nf6 3. Nh3 e5 4. Nf2 Be7 5. Bg2 O-O 6. O-O c5 7. d3 Nc6 8. e4 d4 9. a4 Ne8 10. Na3 Be6 11. b3 Qd7 12. f4 f5 13. Nc4 Bxc4 14. bxc4 exf4 15. Bxf4 Bd6 16. Nh3 fxe4 17. Qh5 Nf6 18. Qh4 e3 19. Ng5 h6 20. Ne4 Nxe4 21. Bxe4 Bxf4 22. gxf4 Qe7 23. Qh5 Qf6 24. Kh1 g5 25. fxg5 Qxf1+ 26. Rxf1 Rxf1+ 27. Kg2 Rf2+ 28. Kg3 Ne5 29. gxh6 Nf7 30. Qg6+ Kf8 31. Qg7+ Ke7 32. h7 1-0

[Event "January 9 Late 2024"]
[Site "https://www.chess.com"]
[Date "2024.01.09"]
[Round "8"]
[White "Dias, Joao Batista"]
[Black "Diaz Herquinio, Brahian"]
[Result "0-1"]
[Board "141"]
[TimeControl "180+1"]
[WhiteFideId "2108240"]
[BlackFideId "3809480"]
[WhiteElo "2069"]
[BlackElo "2423"]
[WhiteTeam "BRA"]
[BlackTeam "PER"]
[WhiteClock "0:01:14"]
[BlackClock "0:01:05"]

1. e4 c5 2. f4 a6 3. Nf3 b5 4. d3 Bb7 5. Be2 e6 6. O-O d5 7. c3 dxe4 8. dxe4 Qxd1 9. Rxd1 Bxe4 10. Ng5 Bc6 11. Be3 Nf6 12. Nd2 Nbd7 13. a3 h6 14. Ngf3 Nd5 15. Nf1 Nxe3 16. Nxe3 c4 17. g3 Bc5 18. Kf2 Nf6 19. Ne5 Bb7 20. Bf3 Ne4+ 21. Bxe4 Bxe4 22. Nd7 Ba7 23. h4 f6 24. Rd6 O-O-O 25. Rad1 Bd3 26. Nb6+ Kc7 27. Rxd8 Rxd8 28. Nbxc4 Bxc4 29. Kf3 Bxe3 30. Rxd8 Kxd8 0-1

[Event "January 9 Late 2024"]
[Site "https://www.chess.com"]
[Date "2024.01.09"]
[Round "8"]
[White "Zhukov, Maksim"]
[Black "Balla, Tamas-Kristof"]
[Result "1-0"]
[Board "142"]
[TimeControl "180+1"]
[WhiteFideId "34181790"]
[BlackFideId "1208497"]
[WhiteElo "2275"]
[BlackElo "2419"]
[WhiteTeam "RUS"]
[BlackTeam "ROU"]
[WhiteClock "0:00:20"]
[BlackClock "0:00:40"]

1. e4 c5 2. Nf3 Nc6 3. Bb5 Nf6 4. e5 Nd5 5. Nc3 Nc7 6. Bxc6 dxc6 7. Ne4 Ne6 8. O-O g6 9. c3 Bg7 10. d4 cxd4 11. cxd4 O-O 12. Be3 b6 13. Qc2 Bb7 14. Rfd1 Rc8 15. Rac1 Qc7 16. h3 Rfd8 17. Qb3 Qb8 18. Neg5 Nxg5 19. Nxg5 e6 20. Ne4 c5 21. Nd6 Rc7 22. dxc5 Bxe5 23. Nxb7 Rxd1+ 24. Rxd1 Qxb7 25. cxb6 axb6 26. Rd8+ Kg7 27. Qb4 Qc6 28. g4 Kf6 29. g5+ Kf5 30. Qg4# 1-0